TOP OF THE 1ST |
Potomac Nationals batting - Pitching for Winston-Salem Dash : LHP Phil Peterson
|
Pitching: LHP Phil Peterson
|
|
Batting: RHB Bobby Bricker
|
0-0: Ground out 5-3 (Groundball, 56, EV 100.6 MPH)
|
Batting: LHB Kyung-jin Cho
|
0-0: Fly out, F5 (Line Drive, 5L, EV 70.0 MPH)
|
Batting: RHB Nick Moreno
|
0-0: Fly out, F8 (Line Drive, 8LM, EV 98.1 MPH)
|
Top of the 1st over - 0 runs, 0 hits, 0 errors, 0 left on base; Potomac 0 - Winston-Salem 0 |
BOTTOM OF THE 1ST |
Winston-Salem Dash batting - Pitching for Potomac Nationals : RHP Brian Walker
|
Pitching: RHP Brian Walker
|
|
Batting: RHB Josiah Wright
|
0-0: Ground out 1-3 (Groundball, 13, EV 61.9 MPH)
|
Batting: LHB Ryan Dyal
|
0-0: Called Strike 0-1: SINGLE (Line Drive, 7S, EV 93.1 MPH)
|
Batting: SHB Alfie Bungledorf
|
0-0: Called Strike 0-1: Ball 1-1: Foul Ball, location: 2F 1-2: Ball 2-2: Ball 3-2: Strikes out swinging
|
Batting: LHB Matt Hyde
|
0-0: Ball Ryan Dyal is caught stealing 2nd base 2-6
|
Bottom of the 1st over - 0 runs, 1 hit, 0 errors, 0 left on base; Potomac 0 - Winston-Salem 0 |
TOP OF THE 2ND |
Potomac Nationals batting - Pitching for Winston-Salem Dash : LHP Phil Peterson
|
Batting: RHB Deshawn Boseman
|
0-0: Ball 1-0: DOUBLE (Line Drive, 9LD, EV 103.1 MPH)
|
Batting: RHB Gabe Almazan
|
0-0: Called Strike 0-1: Swinging Strike 0-2: Ball 1-2: Ground out 1-3 (Groundball, 13S, EV 73.8 MPH) Deshawn Boseman to third
|
Batting: RHB Tylor Cyr
|
0-0: Called Strike 0-1: SINGLE (Groundball, 6, EV 103.8 MPH) Deshawn Boseman scores
|
Batting: RHB Lamar Thornton
|
0-0: Ball 1-0: Called Strike 1-1: Ball 2-1: Grounds into double play, 6-4-3 (Groundball, 6, EV 90.0 MPH)
|
Top of the 2nd over - 1 run, 2 hits, 0 errors, 0 left on base; Potomac 1 - Winston-Salem 0 |
BOTTOM OF THE 2ND |
Winston-Salem Dash batting - Pitching for Potomac Nationals : RHP Brian Walker
|
Batting: LHB Matt Hyde
|
0-0: Swinging Strike 0-1: TRIPLE (Flyball, 78XD, EV 103.1 MPH)
|
Batting: LHB Carlos Ramirez
|
0-0: Ball 1-0: Ball 2-0: Called Strike 2-1: Ball 3-1: Called Strike 3-2: SINGLE (Line Drive, 8RS, EV 103.1 MPH) Matt Hyde scores
|
Batting: SHB Matt Childers
|
0-0: Foul Ball, location: 2F 0-1: Ball 1-1: Foul Ball, location: 2F 1-2: Grounds into double play, 3-6-1 (Groundball, 3, EV 85.6 MPH)
|
Batting: RHB Justin Usner
|
0-0: Ground out U3 (Groundball, 3, EV 81.2 MPH)
|
Bottom of the 2nd over - 1 run, 2 hits, 0 errors, 0 left on base; Potomac 1 - Winston-Salem 1 |
TOP OF THE 3RD |
Potomac Nationals batting - Pitching for Winston-Salem Dash : LHP Phil Peterson
|
Batting: RHB Marcus Dawson
|
0-0: Foul Ball, location: 2F 0-1: Ball 1-1: Foul Ball, location: 2F 1-2: Foul Ball, location: 2F 1-2: Ball 2-2: Ball 3-2: Base on Balls
|
Batting: RHB Antonio Morado
|
0-0: Ball 1-0: Called Strike 1-1: Called Strike Marcus Dawson steals 2nd base 1-2: Ball 2-2: Strikes out looking
|
Batting: RHB Bobby Bricker
|
0-0: Called Strike 0-1: Ball 1-1: Fly out, F7 (Line Drive, 78M, EV 106.2 MPH)
|
Batting: LHB Kyung-jin Cho
|
0-0: Ball 1-0: Called Strike 1-1: Called Strike 1-2: Ball 2-2: Ball 3-2: Foul Ball, location: 2F 3-2: Fly out, F5 (Flyball, 5D, EV 84.4 MPH)
|
Top of the 3rd over - 0 runs, 0 hits, 0 errors, 1 left on base; Potomac 1 - Winston-Salem 1 |
BOTTOM OF THE 3RD |
Winston-Salem Dash batting - Pitching for Potomac Nationals : RHP Brian Walker
|
Batting: SHB Jay Gagnon
|
0-0: Ball 1-0: Foul Ball, location: 2F 1-1: SOLO HOME RUN (Flyball, 78XD, EV 101.2 MPH), Distance : 413 ft
|
Batting: LHB Evan Oliveri
|
0-0: Swinging Strike 0-1: Swinging Strike 0-2: Strikes out swinging
|
Batting: RHB Josiah Wright
|
0-0: Ball 1-0: Foul Ball, location: 2F 1-1: Fly out, F9 (Flyball, 89S, EV 77.5 MPH)
|
Batting: LHB Ryan Dyal
|
0-0: Foul Ball, location: 2F 0-1: DOUBLE (Line Drive, 8RXD, EV 105.0 MPH)
|
Batting: SHB Alfie Bungledorf
|
0-0: SINGLE (Groundball, 4MD, EV 94.4 MPH) Ryan Dyal to third Runner from 3rd tries for Home, SAFE, throw by CF to home
|
Batting: LHB Matt Hyde
|
0-0: Ball 1-0: SINGLE (Line Drive, 9LS, EV 91.9 MPH) Alfie Bungledorf to second Runner from 2nd tries for 3rd, SAFE, throw by RF made to third
|
Batting: LHB Carlos Ramirez
|
0-0: Ball 1-0: 3-RUN HOME RUN (Flyball, 89XD, EV 107.5 MPH), Distance : 419 ft
|
Batting: SHB Matt Childers
|
0-0: Ball 1-0: Called Strike 1-1: Swinging Strike 1-2: Foul Ball, location: 2F 1-2: Strikes out swinging
|
Bottom of the 3rd over - 5 runs, 5 hits, 0 errors, 0 left on base; Potomac 1 - Winston-Salem 6 |
TOP OF THE 4TH |
Potomac Nationals batting - Pitching for Winston-Salem Dash : LHP Phil Peterson
|
Batting: RHB Nick Moreno
|
0-0: Ground out 6-3 (Groundball, 6, EV 103.1 MPH)
|
Batting: RHB Deshawn Boseman
|
0-0: Called Strike 0-1: Foul Ball, location: 2F 0-2: Strikes out swinging
|
Batting: RHB Gabe Almazan
|
0-0: SINGLE (Line Drive, 7S, EV 107.5 MPH)
|
Batting: RHB Tylor Cyr
|
0-0: Ball 1-0: Ball 2-0: Swinging Strike 2-1: Foul Ball, location: 2F 2-2: Ball 3-2: Base on Balls Gabe Almazan to second
|
Batting: RHB Lamar Thornton
|
0-0: Fly out, F9 (Flyball, 9LM, EV 87.5 MPH)
|
Top of the 4th over - 0 runs, 1 hit, 0 errors, 2 left on base; Potomac 1 - Winston-Salem 6 |
BOTTOM OF THE 4TH |
Winston-Salem Dash batting - Pitching for Potomac Nationals : RHP Brian Walker
|
Batting: RHB Justin Usner
|
0-0: Ball 1-0: Ball 2-0: Ground out 4-3 (Groundball, 34, EV 92.5 MPH)
|
Batting: SHB Jay Gagnon
|
0-0: Called Strike 0-1: Foul Ball, location: 2F 0-2: Ball 1-2: Strikes out swinging
|
Batting: LHB Evan Oliveri
|
0-0: Called Strike 0-1: Ball 1-1: Ball 2-1: Foul Ball, location: 2F 2-2: Strikes out swinging
|
Bottom of the 4th over - 0 runs, 0 hits, 0 errors, 0 left on base; Potomac 1 - Winston-Salem 6 |
TOP OF THE 5TH |
Potomac Nationals batting - Pitching for Winston-Salem Dash : LHP Phil Peterson
|
Batting: RHB Marcus Dawson
|
0-0: Called Strike 0-1: Ball 1-1: Called Strike 1-2: Ground out 4-3 (Groundball, 4, EV 109.4 MPH)
|
Batting: RHB Antonio Morado
|
0-0: Ball 1-0: Ball 2-0: Foul Ball, location: 2F 2-1: Called Strike 2-2: Foul Ball, location: 2F 2-2: Ground out 4-3 (Groundball, 34, EV 106.2 MPH)
|
Batting: RHB Bobby Bricker
|
0-0: Called Strike 0-1: Fly out, F7 (Flyball, 7, EV 86.2 MPH)
|
Top of the 5th over - 0 runs, 0 hits, 0 errors, 0 left on base; Potomac 1 - Winston-Salem 6 |
BOTTOM OF THE 5TH |
Winston-Salem Dash batting - Pitching for Potomac Nationals : RHP Brian Walker
|
Pitching: RHP Danny Hoekenga
|
|
Batting: RHB Josiah Wright
|
0-0: DOUBLE (Flyball, 8LD, EV 101.2 MPH)
|
Batting: LHB Ryan Dyal
|
0-0: Ground out 4-3 (Groundball, 4, EV 100.6 MPH) Josiah Wright to third
|
Batting: SHB Alfie Bungledorf
|
0-0: Ball 1-0: Swinging Strike 1-1: Foul Ball, location: 2F 1-2: Strikes out swinging
|
Batting: LHB Matt Hyde
|
0-0: Ball 1-0: Reached on error, E1 (Groundball, 15S, EV 63.8 MPH) Josiah Wright scores
|
Batting: LHB Carlos Ramirez
|
0-0: Foul Ball, location: 2F 0-1: Swinging Strike 0-2: Ball 1-2: Ball 2-2: Strikes out swinging
|
Bottom of the 5th over - 1 run, 1 hit, 1 error, 1 left on base; Potomac 1 - Winston-Salem 7 |
TOP OF THE 6TH |
Potomac Nationals batting - Pitching for Winston-Salem Dash : LHP Phil Peterson
|
Batting: LHB Kyung-jin Cho
|
0-0: Ball 1-0: Called Strike 1-1: Foul Ball, location: 2F 1-2: Ball 2-2: Ball 3-2: Base on Balls
|
Batting: RHB Nick Moreno
|
0-0: Grounds into double play, 1-6-3 (Groundball, 34S, EV 69.4 MPH)
|
Batting: RHB Deshawn Boseman
|
0-0: Called Strike 0-1: Ball 1-1: Ball 2-1: Foul Ball, location: 2F 2-2: Foul Ball, location: 2F 2-2: Ball 3-2: Foul Ball, location: 2F 3-2: Ground out 4-3 (Groundball, 34, EV 89.4 MPH)
|
Top of the 6th over - 0 runs, 0 hits, 0 errors, 0 left on base; Potomac 1 - Winston-Salem 7 |
BOTTOM OF THE 6TH |
Winston-Salem Dash batting - Pitching for Potomac Nationals : RHP Danny Hoekenga
|
Batting: SHB Matt Childers
|
0-0: Ball 1-0: Swinging Strike 1-1: Ball 2-1: Ball 3-1: Swinging Strike 3-2: Strikes out looking
|
Batting: RHB Justin Usner
|
0-0: SINGLE (Line Drive, 9LM, EV 88.8 MPH)
|
Batting: SHB Jay Gagnon
|
0-0: Ball 1-0: Ball 2-0: Ball 3-0: Called Strike 3-1: Base on Balls Justin Usner to second
|
Batting: LHB Evan Oliveri
|
0-0: Foul Ball, location: 2F 0-1: Ball 1-1: Swinging Strike 1-2: Strikes out swinging
|
Batting: RHB Josiah Wright
|
0-0: Fly out, F3 (Popup, 23F, EV 82.5 MPH)
|
Bottom of the 6th over - 0 runs, 1 hit, 0 errors, 2 left on base; Potomac 1 - Winston-Salem 7 |
TOP OF THE 7TH |
Potomac Nationals batting - Pitching for Winston-Salem Dash : LHP Phil Peterson
|
Batting: RHB Gabe Almazan
|
0-0: Ball 1-0: Foul Ball, location: 2F 1-1: Ball 2-1: Foul Ball, location: 2F 2-2: Ball 3-2: Base on Balls
|
Pitching: LHP Juan Medrano
|
|
Batting: RHB Tylor Cyr
|
0-0: Swinging Strike 0-1: Called Strike 0-2: Foul Ball, location: 2F 0-2: Strikes out looking
|
Batting: RHB Lamar Thornton
|
0-0: Foul Ball, location: 2F 0-1: SINGLE (Groundball, 56D, EV 95.0 MPH) Gabe Almazan to second
|
Batting: RHB Marcus Dawson
|
0-0: Ball 1-0: Swinging Strike 1-1: SINGLE (Groundball, 56, EV 96.9 MPH) (infield hit) Gabe Almazan to third Lamar Thornton to second
|
Batting: RHB Antonio Morado
|
0-0: Called Strike 0-1: Swinging Strike 0-2: Ball 1-2: Strikes out swinging
|
Batting: RHB Bobby Bricker
|
0-0: Ball 1-0: Ball 2-0: SINGLE (Groundball, 56D, EV 100.0 MPH) Gabe Almazan scores Lamar Thornton to third Marcus Dawson to second Runner from 3rd tries for Home, SAFE, throw by LF to home
|
Pinch Hitting: RHB John Savard
|
0-0: Ball 1-0: Ball 2-0: Fielders Choice at 2nd, 5-4 (Groundball, 56, EV 102.5 MPH)
|
Top of the 7th over - 2 runs, 3 hits, 0 errors, 2 left on base; Potomac 3 - Winston-Salem 7 |
BOTTOM OF THE 7TH |
Winston-Salem Dash batting - Pitching for Potomac Nationals : RHP Danny Hoekenga
|
Pitching: RHP Tim Schultz
|
|
Now in LF: John Savard
|
|
Batting: LHB Ryan Dyal
|
0-0: SINGLE (Groundball, 4MD, EV 105.0 MPH)
|
Batting: SHB Alfie Bungledorf
|
0-0: Ball Wild Pitch! Ryan Dyal to second 1-0: Called Strike 1-1: Called Strike 1-2: Foul Ball, location: 2F 1-2: Strikes out swinging
|
Pitching: RHP Chris Lawrence
|
|
Batting: LHB Matt Hyde
|
0-0: Ball 1-0: Ball 2-0: Called Strike 2-1: Called Strike 2-2: Foul Ball, location: 2F 2-2: Foul Ball, location: 2F 2-2: Ball 3-2: Base on Balls
|
Batting: LHB Carlos Ramirez
|
0-0: Called Strike 0-1: Swinging Strike 0-2: Ball 1-2: Ball 2-2: Strikes out looking
|
Batting: SHB Matt Childers
|
0-0: Fielders Choice at 2nd, 6-4 (Groundball, 6, EV 84.4 MPH)
|
Bottom of the 7th over - 0 runs, 1 hit, 0 errors, 2 left on base; Potomac 3 - Winston-Salem 7 |
TOP OF THE 8TH |
Potomac Nationals batting - Pitching for Winston-Salem Dash : LHP Juan Medrano
|
Pitching: RHP Craig Potter
|
|
Batting: RHB Nick Moreno
|
0-0: Ball 1-0: Ball 2-0: Swinging Strike 2-1: Ball 3-1: Base on Balls
|
Batting: RHB Deshawn Boseman
|
0-0: 2-RUN HOME RUN (Flyball, 7D, EV 95.6 MPH), Distance : 372 ft
|
Batting: RHB Gabe Almazan
|
0-0: Swinging Strike 0-1: Foul Ball, location: 2F 0-2: Ball 1-2: Ball 2-2: SINGLE (Groundball, 56D, EV 106.2 MPH)
|
Batting: RHB Tylor Cyr
|
0-0: Ball 1-0: Swinging Strike 1-1: Foul Ball, location: 2F 1-2: Strikes out swinging
|
Pinch Hitting: LHB Chance McWilliams
|
0-0: Ball Passed Ball! Gabe Almazan to second 1-0: Ball 2-0: Called Strike 2-1: Ball 3-1: Ground out 6-3 (Groundball, 6, EV 84.4 MPH)
|
Pinch Hitting: LHB Elias Posada
|
0-0: Foul Ball, location: 2F 0-1: Called Strike 0-2: Strikes out looking
|
Top of the 8th over - 2 runs, 2 hits, 0 errors, 1 left on base; Potomac 5 - Winston-Salem 7 |
BOTTOM OF THE 8TH |
Winston-Salem Dash batting - Pitching for Potomac Nationals : RHP Chris Lawrence
|
Now at 1B: Yoshiya Kurokawa
|
|
Now in RF: Elias Posada
|
|
Batting: RHB Justin Usner
|
0-0: Foul Ball, location: 2F 0-1: Ground out 5-3 (Groundball, 56S, EV 62.5 MPH)
|
Batting: SHB Jay Gagnon
|
0-0: Ball 1-0: Ball 2-0: Called Strike 2-1: Foul Ball, location: 2F 2-2: Fly out, F9 (Flyball, 9, EV 80.6 MPH)
|
Batting: LHB Evan Oliveri
|
0-0: Called Strike 0-1: Swinging Strike 0-2: Strikes out looking
|
Bottom of the 8th over - 0 runs, 0 hits, 0 errors, 0 left on base; Potomac 5 - Winston-Salem 7 |
TOP OF THE 9TH |
Potomac Nationals batting - Pitching for Winston-Salem Dash : RHP Craig Potter
|
Pitching: RHP Caleb Westbay
|
|
Batting: RHB Antonio Morado
|
0-0: Ball 1-0: Ball 2-0: SOLO HOME RUN (Flyball, 7D, EV 96.9 MPH), Distance : 387 ft
|
Batting: RHB Bobby Bricker
|
0-0: Foul Ball, location: 2F 0-1: Foul Ball, location: 2F 0-2: Strikes out swinging, 2-3 out at first.
|
Batting: RHB John Savard
|
0-0: Fly out, F5 (Line Drive, 56, EV 70.0 MPH)
|
Batting: RHB Nick Moreno
|
0-0: Called Strike 0-1: Ball 1-1: Ball 2-1: Swinging Strike 2-2: Foul Ball, location: 2F 2-2: Ball 3-2: Foul Ball, location: 2F 3-2: Fly out, F6 (Popup, 6M, EV 63.1 MPH)
|
Top of the 9th over - 1 run, 1 hit, 0 errors, 0 left on base; Potomac 6 - Winston-Salem 7 |
|